 Dungeon Crawl Stone Soup version 0.26.1-11-gd32895ea62 (webtiles) character file.

Game seed: 15918197872893961254

73 buriedalive the Chiller (level 4, -7/24 HPs)
             Began as a Deep Elf Ice Elementalist on June 22, 2021.
             Mangled by an ogre
             ... wielding a +0 giant spiked club
              (21 damage)
             ... on level 4 of the Dungeon.
             The game lasted 00:02:02 (2096 turns).

buriedalive the Chiller (Deep Elf Ice Elementalist) Turns: 2096, Time: 00:02:03

Health: -7/24      AC:  2    Str:  5    XL:     4   Next: 8%
Magic:  6/10       EV: 14    Int: 21    God:
Gold:   85         SH:  0    Dex: 15    Spells: 8/9 levels left

rFire    . . .     SeeInvis .   j - +0 short sword
rCold    . . .     Faith    .   (no shield)
rNeg     . . .     Spirit   .   a - +0 robe
rPois    .         Reflect  .   (no helmet)
rElec    .         Harm     .   (no cloak)
rCorr    .         Rampage  .   (no gloves)
Will     +....                  (no boots)
Stlth    ++........             (no amulet)
HPRegen  0.08/turn              f - ring of willpower
MPRegen  0.12/turn              (no ring)

@: no status effects
A: no striking features
a: no special abilities


You were on level 4 of the Dungeon.
You visited 1 branch of the dungeon, and saw 3 of its levels.

You collected 85 gold pieces.

Inventory:

Hand Weapons
 j - a +0 short sword (weapon)
Missiles
 d - 16 stones
 k - 15 poisoned darts
Armour
 a - a +0 robe (worn)
Jewellery
 f - a ring of willpower (left hand)
Scrolls
 b - 4 scrolls of remove curse {unknown}
 c - 4 scrolls of identify {unknown}
 h - a scroll of fear {unknown}
 i - a scroll of amnesia {unknown}
 l - a scroll of enchant weapon {unknown}
 m - a scroll of enchant armour {unknown}
Potions
 e - a potion of lignification {unknown}
 g - a potion of mutation {unknown}


   Skills:
 + Level 4.1 Dodging
 - Level 2.4 Stealth
 - Level 3.0 Spellcasting
 + Level 5.3 Ice Magic


You had 8 spell levels left.
You knew the following spells:

 Your Spells              Type           Power        Failure   Level
a - Freeze                Ice            100%         1%          1

Your spell library contained the following spells:

 Spells                   Type           Power        Failure   Level
 Frozen Ramparts          Ice            50%          4%          3
 Ozocubu's Armour         Ice            25%          4%          3
 Hailstorm                Conj/Ice       14%          41%         4
 Summon Ice Beast         Ice/Summ       14%          41%         4


Dungeon Overview and Level Annotations

Branches:
Dungeon (2/15)

Altars:


Message History

The ogre is heavily wounded.
The ogre completely misses you.
Casting: Freeze (safe; 1% risk of failure)
Confirm with . or Enter, or press ? or * to list all spells.
Aiming: Freeze (safe; 1% risk of failure)
Press: ? - help, Shift-Dir - straight line, f/p - ogre
Aim: an ogre, wielding a +0 giant spiked club (heavily wounded)
You freeze the ogre.
The ogre is severely wounded.
The ogre hits you with a +0 giant spiked club!
Casting: Freeze (safe; 1% risk of failure)
Confirm with . or Enter, or press ? or * to list all spells.
Aiming: Freeze (safe; 1% risk of failure)
Press: ? - help, Shift-Dir - straight line, f/p - ogre
Aim: an ogre, wielding a +0 giant spiked club (severely wounded)
You freeze the ogre.
The ogre is severely wounded.
The ogre hits you with a +0 giant spiked club!!
Ouch! That really hurt!
You die...

##### #...#
#.#Z# #.#O#
###O#@# #.....#
## #.#.#.# ...
#.#.#.# ....
#.#.#.##.
....###O..#....
................
......#.#####...
.###....#####.##


You could see an ogre and a jackal skeleton.

Vanquished Creatures
  A worker ant (D:2)
  An adder (D:2)
  An ooze (D:1)
  A worm (D:2)
  A dart slug (D:1)
  3 leopard geckos
  A giant cockroach (D:1)
  3 goblins
  2 hobgoblins
  2 jackals (D:1)
  A bat (D:2)
  A frilled lizard (D:2)
  4 kobolds
  A quokka skeleton (D:2)
  5 rats
28 creatures vanquished.

Notes
Turn   | Place    | Note
-------+----------+-------------------------------------------
     0 | D:1      | buriedalive the Deep Elf Ice Elementalist began the quest
                  | for the Orb.
     0 | D:1      | Reached XP level 1. HP: 10/10 MP: 6/6
   415 | D:1      | Reached XP level 2. HP: 14/15 MP: 6/8
  1126 | D:2      | Reached skill level 5 in Ice Magic
  1126 | D:2      | Reached XP level 3. HP: 7/19 MP: 6/9
  1608 | D:2      | Reached XP level 4. HP: 10/24 MP: 3/10
  2069 | D:2      | You fall into a shaft and drop 2 floors!
  2070 | D:4      | Noticed an ogre
  2096 | D:4      | Mangled by an ogre

Illustrated notes

Levels and vault maps discovered:
D:1:      nzn_arrival_depleted_hourglass, layout_basic
D:2:      layout_rooms, minivault_27, uniq_crazy_yiuf_cottage, uniq_sigmund
D:4:      layout_basic, grunt_temple_overflow_open, temple_doors_e, uniq_duvessa

Skill      XL: |  1  2  3 |
---------------+----------+-----
Dodging        | 3 4 |  4.1
Ice Magic      | 5 |  5.3
Stealth        | |  2.4
Spellcasting   | |  3.0

Action                   |  1- 3 |  4- 6 || total
-------------------------+-------+-------++-------
Melee: Unarmed           |    12 |       ||    12
       Short sword       |     6 |     6 ||    12
 Cast: Freeze            |    36 |     8 ||    44
 Stab: Sleeping          |     3 |       ||     3
Armor: Robe              |     5 |     1 ||     6
Dodge: Dodged            |    29 |     7 ||    36
